 Dungeon Crawl Stone Soup version 0.29.1-2-gbd0b4ee654 (webtiles) character file.

Game seed: 16543653522551235306

10409 MacCMillion the Nimble (level 11, -1/63 HPs)
             Began as a Deep Elf Fire Elementalist on Nov 24, 2022.
             Was a Priest of Vehumet.
             Shot with a bolt by a tengu warrior (15 damage)
             ... on level 10 of the Dungeon.
             The game lasted 00:47:04 (14751 turns).

MacCMillion the Nimble (DEFE)                      Turns: 14751, Time: 00:47:05

Health: -1/63      AC:  9    Str:  5    XL:     11   Next: 35%
Magic:  22/23      EV: 18    Int: 25    God:    Vehumet [***...]
Gold:   642        SH:  0    Dex: 15    Spells: 11/24 levels left

rFire   + . .      SeeInvis .   R - +4 dagger (venom)
rCold   x . .      Faith    .   (no shield)
rNeg    . . .      Spirit   .   I - +2 robe "Ennuh" {Will++}
rPois   .          Reflect  .   (no helmet)
rElec   .          Harm     .   (no cloak)
rCorr   .          Rampage  .   (no gloves)
Will    +++..                   M - +0 pair of boots
Stlth   ++........              (no amulet)
HPRegen 0.20/turn               n - +4 ring of protection
MPRegen 0.18/turn               t - ring of fire

@: no status effects
A: no striking features
a: Renounce Religion


You were on level 10 of the Dungeon.
You worshipped Vehumet.
Vehumet was most pleased with you.
You visited 2 branches of the dungeon, and saw 12 of its levels.
You also visited: Sewer.

You collected 642 gold pieces.

Inventory:

Hand Weapons
 k - a +2 dagger of venom
 R - a +4 dagger of venom (weapon)
Missiles
 H - a throwing net
Armour
 a - a +0 robe
 l - a +0 pair of boots
 B - a +0 robe of willpower
 I - the +2 robe "Ennuh" (worn) {Will++}
   (You found it on level 5 of the Dungeon)

   Will:      It greatly increases your willpower.
 M - a +0 pair of boots (worn)
 Q - +0 acid dragon scales
Jewellery
 n - a +4 ring of protection (left hand)
 o - a +6 ring of intelligence
 p - a +6 ring of dexterity
 t - a ring of fire (right hand)
 J - a ring of protection from fire
 K - a ring of wizardry
 L - a +6 ring of intelligence
Wands
 D - a wand of charming (9)
 F - a wand of iceblast (27)
 P - a wand of polymorph (12)
 T - a wand of flame (5)
Scrolls
 c - 4 scrolls of amnesia
 e - 4 scrolls of fear
 g - a scroll of torment {unknown}
 h - 5 scrolls of teleportation
 m - 2 scrolls of noise
 s - a scroll of brand weapon {unknown}
 u - 4 scrolls of enchant weapon
 v - a scroll of enchant armour {unknown}
 x - a scroll of butterflies {unknown}
 y - a scroll of blinking {unknown}
 C - a scroll of vulnerability {unknown}
 N - 2 scrolls of immolation {unknown}
 O - 3 scrolls of identify
Potions
 b - 4 potions of heal wounds
 d - a potion of attraction {unknown}
 f - 6 potions of cancellation
 i - 3 potions of might {unknown}
 j - 2 potions of berserk rage
 q - 5 potions of curing
 r - 2 potions of ambrosia
 w - 2 potions of haste {unknown}
 z - 2 potions of lignification
 A - 2 potions of flight
 E - 2 potions of mutation {unknown}
 G - 3 potions of degeneration
 S - a potion of magic


   Skills:
 - Level 5.0 Fighting
 + Level 11.5 Dodging
 - Level 2.4 Stealth
 - Level 7.0 Spellcasting
 - Level 8.9 Conjurations
 + Level 4.5 Hexes
 - Level 0.8 Translocations
 - Level 10.0 Fire Magic
 + Level 5.1 Evocations


You had 11 spell levels left.
You knew the following spells:

 Your Spells              Type           Power      Damage    Failure   Level
a - Foxfire               Conj/Fire      100%       2x1d9     1%          1
b - Scorch                Fire           100%       2d10      1%          2
c - Conjure Flame         Conj/Fire      71%        6-21      1%          3
d - Flame Wave            Conj/Fire      71%        2d16      1%          4
e - Blink                 Tloc           26%        N/A       7%          2
f - Slow                  Hex            100%       N/A       1%          1

Your spell library contained the following spells:

 Spells                   Type           Power      Damage    Failure   Level
 Mephitic Cloud           Conj/Pois/Air  23%        N/A       1%          3
 Ignite Poison            Fire/Tmut/Pois 38%        N/A       1%          3
 Inner Flame              Hex/Fire       61%        N/A       1%          3
 Stone Arrow              Conj/Erth      62%        3d10      1%          3
 Confusing Touch          Hex            31%        N/A       3%          3
 Sublimation of Blood     Necr           8%         N/A       10%         2
 Gell's Gravitas          Tloc           13%        N/A       14%         3
 Lesser Beckoning         Tloc           13%        N/A       14%         3
 Teleport Other           Tloc           13%        N/A       14%         3
 Yara's Violent Unravell  Hex/Tmut       10%        3d6       19%         5
 Vampiric Draining        Necr           8%         2d6       21%         3
 Animate Armour           Summ/Erth      16%        N/A       54%         4
 Summon Ice Beast         Ice/Summ       8%         N/A       54%         4
 Summon Mana Viper        Hex/Summ       20%        N/A       58%         5
 Manifold Assault         Tloc           13%        N/A       78%         5
 Dispersal                Tloc           6%         N/A       100%        6
 Monstrous Menagerie      Summ           4%         N/A       100%        7
 Storm Form               Tmut/Air       4%         N/A       100%        7
 Lehudib's Crystal Spear  Conj/Erth      15%        10d5      100%        8


Dungeon Overview and Level Annotations

Branches:
Dungeon (11/15)            Temple (1/1) D:4            Lair (0/5) D:10
    Orc (0/2) D:10          Sewer (visited)

Altars:
Ashenzari
Cheibriados
Dithmenos
Elyvilon
Fedhas
Gozag
Hepliaklqana
Kikubaaqudgha
Makhleb
Nemelex Xobeh
Okawaru
Qazlal
Ru
Sif Muna
Trog
Uskayaw
Vehumet
Wu Jian
Yredelemnul
Zin
The Shining One

Shops:
D:2 =:

Annotations:
D:8 2 runed translucent doors


Message History

You see here a +0 whip.
You see here a yak skeleton.
A howler monkey comes into view.
The howler monkey moves out of view.
You feel a surge of power!
You conjure some foxfire!
The howler monkey howls!
You hear a shout!
You feel a surge of power!
You conjure some foxfire!
The foxfire hits the howler monkey.
The howler monkey is lightly wounded.
The howler monkey hoots and howls with incredible vigour!
The foxfire hits the howler monkey!
The howler monkey is heavily wounded.
You hear a shout!
You feel a surge of power!
You conjure some foxfire!
The foxfire hits the howler monkey!
The howler monkey is almost dead.
You feel a surge of power!
You conjure some foxfire!
The foxfire hits the howler monkey.
You kill the howler monkey!
Vehumet accepts your kill.
Your foxfire dissipates!
Your foxfire dissipates!
Your foxfire dissipates!
A cyclops comes into view.
You feel a surge of power!
You conjure some foxfire!
You feel a surge of power!
You conjure some foxfire!
A tengu warrior comes into view.
It is wielding a +0 bardiche and wearing the ring "Caehimum" {rF+ Str+4 Stlth+}.
Your foxfire dissipates!
The foxfire hits the cyclops.
The cyclops is lightly wounded.
The foxfire hits the cyclops but does no damage.
The cyclops is lightly wounded.
The cyclops throws a large rock.
The large rock hits you!!
The tengu warrior unwields a +0 bardiche.
The tengu warrior wields a +0 arbalest.
The tengu warrior shoots a bolt.
The bolt hits you!!
* * * LOW HITPOINT WARNING * * *
There is a staircase to the Lair here.
The tengu warrior shoots a bolt.
The bolt hits you!
You die...

#..#...#.........P.....?.......*
###.#...#........Q..............*
..#.#...#.........PC..###....#..,
#.#.#...#.P.P......PP..##....#,**
..#.'...#...........P........#,,,
###.#..........................,*
#.#................P..##..###$*
#.#.[......................,,,*
#.#.....÷.....@P.P......,,,*,,,
###.#......÷..............,,,*,**
..#.#.....................,,,*,,,
..#.#..).....[.P...P.....#,,,,,,*
..#.#)).#........P.....###,,***,*
..#.#)#.#..............# *,,,,,,*
[.#.#...#.............## *,,,*,,,
..'.'...#.............#* *,,,*,**
#.#.#...#..........,,,,***,,,*,,,


You could see a tengu warrior and a cyclops.

Vanquished Creatures
  2 two-headed ogres
  Pikel (D:6)
  Maggie (D:6)
  2 komodo dragons (D:10)
  3 trolls
  2 hornets
  Prince Ribbit (D:5)
  Grinder (D:5)
  2 shadows
  10 yaks
  2 wyverns
  2 steam dragons
  An acid dragon (D:8)
  2 water moccasins
  A hornet zombie (D:7)
  A black bear (D:5)
  4 orc warriors
  3 lemures (D:6)
  A phantom (D:5)
  A centaur (D:9)
  8 kobold brigands
  A gnoll sergeant (D:10)
  9 bullfrogs
  2 wyvern zombies (D:7)
  2 necrophages
  3 scorpions
  A water moccasin zombie (D:7)
  8 wights (D:7)
  4 howler monkeys
  2 centaur zombies (D:7)
  A bullfrog zombie (D:7)
  A gnoll bouda (D:5)
  4 hounds
  An orc priest (D:6)
  2 jellies
  Jessica (D:2)
  4 iguanas
  Terence (D:2)
  2 orc wizards (D:10)
  5 killer bee zombies (D:7)
  A howler monkey zombie (D:7)
  13 gnolls
  13 adders
  2 river rats (Sewer)
  4 shadow imps
  3 white imps
  An ufetubus (D:7)
  2 worms
  2 dart slugs
  15 orcs
  11 endoplasms
  4 giant cockroaches
  11 goblins
  9 hobgoblins
  5 jackals
  2 quokkas
  10 ball pythons
  3 bats
  2 frilled lizards
  26 kobolds
  7 rats
  A spectral goblin (D:3)
252 creatures vanquished.

Vanquished Creatures (collateral kills)
  17 foxfires
17 creatures vanquished.

Vanquished Creatures (others)
  1003 foxfires
  52 fungi (D:10)
  43 plants (D:10)
1098 creatures vanquished.

Grand Total: 1367 creatures vanquished

Notes
Turn   | Place    | Note
-------+----------+-------------------------------------------
     0 | D:1      | MacCMillion the Deep Elf Fire Elementalist began the quest
                  | for the Orb.
     0 | D:1      | Reached XP level 1. HP: 10/10 MP: 6/6
   106 | D:1      | Found a faded altar of an unknown god.
   241 | D:1      | Reached XP level 2. HP: 15/15 MP: 5/8
  1055 | D:1      | Reached XP level 3. HP: 19/19 MP: 6/9
  1275 | D:2      | Found Gianorun's Jewellery Emporium.
  1449 | D:2      | Learned a level 2 spell: Scorch
  1453 | D:2      | Learned a level 3 spell: Conjure Flame
  1491 | D:2      | Noticed Jessica
  1497 | D:2      | Killed Jessica
  1498 | D:2      | Reached XP level 4. HP: 24/24 MP: 4/10
  1749 | D:2      | Found Vepsuru's Book Emporium.
  1826 | D:2      | Noticed Terence
  1849 | D:2      | Killed Terence
  1850 | D:2      | Reached skill level 5 in Fire Magic
  2390 | D:3      | Found a hazy altar of Hepliaklqana.
  2903 | D:3      | Reached XP level 5. HP: 28/28 MP: 8/11
  2908 | D:3      | Learned a level 4 spell: Flame Wave
  3866 | D:4      | Found a staircase to the Ecumenical Temple.
  3916 | Temple   | Entered the Ecumenical Temple
  3987 | Temple   | Became a worshipper of Vehumet
  4429 | D:4      | Noticed a steam dragon
  4450 | D:4      | Killed a steam dragon
  4451 | D:4      | Reached XP level 6. HP: 19/32 MP: 4/14
  5049 | D:5      | Entered Level 5 of the Dungeon
  5190 | D:5      | Noticed Prince Ribbit
  5310 | D:5      | Reached skill level 5 in Spellcasting
  5338 | D:5      | Reached XP level 7. HP: 19/36 MP: 8/16
  5356 | D:5      | Noticed Grinder
  5459 | D:5      | Found a glowing drain.
  5464 | Sewer    | Entered a sewer
  5497 | Sewer    | Reached skill level 5 in Conjurations
  5912 | Sewer    | Reached * piety under Vehumet
  5912 | Sewer    | Offered knowledge of Freeze by Vehumet.
  5916 | Sewer    | Learned a level 2 spell: Blink
  6548 | D:5      | Killed Grinder
  6549 | D:5      | Reached skill level 1 in Fighting
  6549 | D:5      | Reached skill level 3 in Dodging
  6549 | D:5      | Reached XP level 8. HP: 43/43 MP: 10/18
  6774 | D:5      | Identified the +2 robe "Ennuh" {Will++}
  7307 | D:5      | Killed Prince Ribbit
  7308 | D:5      | Reached skill level 4 in Dodging
  8105 | D:6      | Noticed Pikel
  8154 | D:5      | Reached skill level 5 in Dodging
  8154 | D:5      | Reached XP level 9. HP: 45/50 MP: 3/21
  8294 | D:6      | Killed Pikel
  8435 | D:6      | Noticed Maggie
  8529 | D:6      | Reached ** piety under Vehumet
  8612 | D:6      | Killed Maggie
  8613 | D:6      | Reached skill level 6 in Dodging
  8803 | D:7      | Offered knowledge of Poisonous Vapours by Vehumet.
  9108 | D:7      | Found a burning altar of Makhleb.
  9108 | D:7      | Found a bloodstained altar of Trog.
  9120 | D:7      | Reached skill level 7 in Dodging
  9693 | D:6      | Offered knowledge of Static Discharge by Vehumet.
  9696 | D:6      | Reached skill level 5 in Fighting
  9696 | D:6      | Reached XP level 10. HP: 53/59 MP: 7/22
 10159 | D:7      | Reached skill level 10 in Fire Magic
 10589 | D:8      | Reached skill level 8 in Dodging
 10934 | D:8      | Found a runed translucent door.
 10942 | D:8      | Found a runed translucent door.
 11152 | D:8      | Reached *** piety under Vehumet
 11269 | D:8      | Reached skill level 9 in Dodging
 11546 | D:8      | Found an ancient bone altar of Kikubaaqudgha.
 11718 | D:9      | Paralysed by a hornet for 1 turns
 12236 | D:9      | Reached skill level 10 in Dodging
 12313 | D:9      | You fall into a shaft and drop 2 floors!
 12317 | D:11     | Noticed a gargoyle
 12323 | D:11     | Noticed a boulder beetle
 12348 | D:10     | Entered Level 10 of the Dungeon
 12373 | D:10     | Got Cigotuvi's Catalogue of Mutated Dark Liturgies
 12625 | D:9      | Found an opulent altar of Gozag.
 12626 | D:9      | Found a sparkling altar of Nemelex Xobeh.
 12626 | D:9      | Noticed a two-headed ogre
 13073 | D:9      | Reached skill level 1 in Evocations
 13320 | D:9      | Killed a two-headed ogre
 13371 | D:10     | Offered knowledge of Mephitic Cloud by Vehumet.
 13445 | D:9      | Learned a level 1 spell: Slow
 13637 | D:10     | Reached skill level 1 in Hexes
 13637 | D:10     | Reached XP level 11. HP: 54/63 MP: 12/23
 13642 | D:10     | Noticed a two-headed ogre
 13796 | D:10     | Killed a two-headed ogre
 13797 | D:10     | Reached skill level 11 in Dodging
 13861 | D:10     | Found a staircase to the Lair.
 14406 | D:10     | Reached skill level 5 in Evocations
 14743 | D:10     | Identified the ring "Caehimum" {rF+ Str+4 Stlth+}
 14743 | D:10     | Noticed a tengu warrior
 14751 | D:10     | Shot with a bolt by a tengu warrior

Illustrated notes

Levels and vault maps discovered:
D:1:      dpeg_arrival_round_a, layout_rooms,
          ebering_ecumenical_altar_sacrificial
D:2:      layout_basic, serial_shops, shop, shop_fountains, uniq_terence,
          uniq_jessica
D:3:      layout_loops_cross, nicolae_hepliaklqana_monster_ancestors
D:4:      layout_basic, minmay_temple_entry_drinking_statues
D:5:      kennysheep_six_static_rooms, layout_basic, portal_sewer_entry_e,
          hangedman_decor_growths, minmay_statues_item, uniq_grinder,
          uniq_prince_ribbit1
D:6:      layout_basic, uniq_pikel, uniq_maggie
D:7:      layout_basic, mainiacjoe_overflow_divided_tiny, serial_undead,
          serial_undead_d, serial_undead_a, serial_undead_e, serial_undead_e,
          serial_undead_c, serial_undead_b, serial_undead_d,
          minmay_misc_feat_diagonals
D:8:      lemuel_insect_pit, layout_basic, marbit_many_paths, bh_walls_and_bars
D:9:      layout_roguey, grunt_temple_overflow_opulence, serial_curves,
          eino_curves_04, eino_curves_02
D:10:     hangedman_cross_stitches, layout_stronghold,
          due_lair_maze_entry_diamond
D:11:     layout_basic, nicolae_sif_muna_little_library
Temple:   compressed_dpeg_triangle_lava_temple

Skill      XL: |  1  2  3  4  5  6  7  8  9 10 11 |
---------------+----------------------------------+-----
Conjurations   | 2 3 4 7 8 |  8.9
Fire Magic     | 4 5 6 7 8 9 10 | 10.0
Spellcasting   | 4 5 6 7 |  7.0
Fighting       | 1 3 5 |  5.0
Dodging        | 3 5 7 10 11 | 11.5
Evocations     | 3 5 |  5.1
Hexes          | 1 4 |  4.5
Stealth        | |  2.4
Translocations | |  0.8

Action                   |  1- 3 |  4- 6 |  7- 9 | 10-12 || total
-------------------------+-------+-------+-------+-------++-------
Melee: Unarmed           |     1 |       |       |       ||     1
       Dagger            |       |     4 |     8 |     2 ||    14
 Cast: Foxfire           |    68 |   110 |   242 |   189 ||   609
       Conjure Flame     |       |     3 |     4 |       ||     7
       Flame Wave        |       |     4 |    21 |    32 ||    57
       Blink             |       |       |     2 |       ||     2
       Slow              |       |       |       |    20 ||    20
  Use: Scroll            |       |     7 |     3 |     4 ||    14
       Potion            |       |     1 |       |       ||     1
Armor: Robe              |     7 |    21 |    34 |    36 ||    98
Dodge: Dodged            |     8 |    29 |    87 |    89 ||   213
